Map: Ulrena

Players

Kveldulfr

  • Race: Terran Terran
  • League: Silver
  • Spawn Location: 11:00

zidar - Winner!

  • Race: Zerg Zerg
  • League: Silver
  • Spawn Location: 7:00

VOD

Have the link to the VOD?

Description

Time

  • Played on: Jan. 3, 2016, 11:32 a.m.
  • Length: 7:53
Show
View Real Time Build Order
Export as new Build Order

Kveldulfr Terran 

Build Orders:  

Get SALT Encoding   

  12  0:01  SCV  
  13  0:13  SCV  
  14  0:18  Supply Depot  
  14  0:25  SCV  
  15  0:39  SCV  
  16  0:44  Barracks  
  16  0:46  Refinery  
  16  0:52  SCV  
  17  1:07  SCV  
  18  1:24  SCV  
  19  1:39  Barracks Reactor  
  19  1:41  Orbital Command  
  19  1:42  Supply Depot  
  19  2:00  Command Center  
  19  2:10  SCV  
  20  2:18  Marine  
  20  2:19  Marine  
  20  2:20  Factory  
  22  2:24  SCV  
  23  2:32  Barracks  
  23  2:37  SCV  
  23  2:41  Marine x2  
  26  2:49  Barracks  
  26  2:54  SCV  
  27  3:08  SCV  
  28  3:14  Barracks Tech Lab, Hellion  
  28  3:15  Hellion  
  28  3:16  Orbital Command  
  32  3:24  Barracks Tech Lab  
  32  3:29  Refinery  
  32  3:34  Stimpack  
  32  3:35  Marine  
  32  3:38  Hellion  
  32  3:40  SCV  
  36  3:44  Orbital Command  
  36  3:54  Marauder x2  
  40  3:55  Barracks Reactor  
  40  3:58  Hellion  
  40  4:00  Concussive Shells  
  43  4:02  SCV  
  43  4:10  Supply Depot x2  
  43  4:13  SCV  
  44  4:18  SCV  
  45  4:25  SCV  
  45  4:27  Orbital Command  
  46  4:32  Marauder x2, Hellion x2  
  50  4:51  Marine x2  
  52  5:01  Marauder x2  
  52  5:02  Hellion x2  
  52  5:04  SCV  
  52  5:06  SCV  
  62  5:24  Supply Depot  
  62  5:25  Marine x2  
  42  5:51  Marine x2  
  42  5:52  Marauder x2  
  42  5:53  Hellion  
  46  6:06  SCV x2  
  48  6:12  Marine x2  
  50  6:28  Marauder x2  
  50  6:29  Hellion  
  56  6:36  Marine  
  52  6:40  Armory  
  33  6:56  Hellion x2  
  33  7:00  Marine x2  
  34  7:01  Marauder x2  
  30  7:27  Marine x2  
  30  7:29  Marauder  
Show
View Real Time Build Order
Export as new Build Order

zidar Zerg - Winner!

Build Orders: Hatch First 

Get SALT Encoding   

  12  0:02  Drone  
  13  0:12  Overlord  
  13  0:17  Drone  
  14  0:30  Drone x2  
  16  0:39  Drone  
  17  0:56  Hatchery  
  16  0:58  Drone  
  17  1:12  Spawning Pool  
  17  1:16  Drone  
  17  1:23  Extractor, Drone x2  
  18  1:34  Overlord  
  18  1:38  Drone  
  20  1:54  Drone  
  20  2:11  Roach Warren  
  20  2:14  Extractor  
  18  2:25  Queen  
  18  2:26  Queen  
  18  2:28  Drone x4  
  26  2:45  Drone x4  
  30  2:52  Overlord  
  30  3:15  Roach  
  30  3:16  Roach x4  
  40  3:23  Metabolic Boost  
  40  3:29  Overlord  
  40  3:30  Overlord  
  40  3:40  Ravager x2  
  40  3:41  Ravager  
  43  3:48  Roach  
  45  3:49  Roach  
  45  3:50  Roach  
  49  3:58  Extractor  
  48  4:21  Roach x6  
  60  5:10  Overlord x3  
  31  6:00  Zergling x2  
  31  6:01  Zergling x28  
  44  6:09  Zergling x2  
  37  7:00  Zergling x6  
  37  7:01  Zergling x16  
Tags
 
Matchup
TvZ
Spawn Locations
Close Positions
Add a new tag
Caveats
  • Supply blocks, unpowered buildings, or Contaminate may cause inaccurate times.
  • Supply counts are checked every 10 seconds.